[Event "BLR-ch 1st Stage Women 2020"]
[Site "Minsk"]
[Date "2020.02.01"]
[Round "1.1"]
[White "Poliakova, Varvara"]
[Black "Liashkevich, Lizaveta"]
[Result "1-0"]
[ECO "B84"]
[WhiteElo "2052"]
[BlackElo "1488"]
[Annotator "NA"]
[PlyCount "93"]
[EventDate "2020.02.01"]
[EventType "swiss"]
[EventCountry "BLR"]
[SourceTitle "playchess.com"]
[Source "ChessBase"]
[SourceQuality "1"]
[TimeControl "40/5400+30:1800+30"]

1. e4 c5 2. Nf3 e6 3. d4 cxd4 4. Nxd4 Nf6 5. Nc3 d6 6. Be3 a6 7. Be2 Be7 8. g4 h6 9. h4 Nc6 10. Qd2 d5 11. exd5 Nxd5 12. Nxd5 Qxd5 13. Bf3 Qd7 14. Nxc6 bxc6 15. O-O-O Qxd2+ 16. Bxd2 Bb7 17. Bc3 Bf6 18. Bxf6 gxf6 19. Rd3 Ke7 20. Rb3 Rab8 21. Rd1 Ba8 22. Rdd3 Rhc8 23. Kd2 Rb5 24. c4 Rbb8 25. Ke3 a5 26. Ra3 Rxb2 27. Rxa5 Bb7 28. Ra7 Rc7 29. Bd1 Rb4 30. Bb3 c5 31. Bd1 Rd7 32. Bf3 Bc8 33. Rdxd7+ Bxd7 34. Bc6 Rxc4 35. Rxd7+ Kf8 36. a4 Rxg4 37. a5 Rb4 38. a6 Rb3+ 39. Rd3 c4 40. Rxb3 cxb3 41. a7 b2 42. a8=Q+ Kg7 43. Be4 f5 44. Bb1 h5 45. Kf4 f6 46. Qe8 Kh6 47. Qxe6 1-0

[Event "BLR-ch 1st Stage Women 2020"]
[Site "Minsk"]
[Date "2020.02.01"]
[Round "1.2"]
[White "Ajusheva, Renata"]
[Black "Zeliantsova, Kseniya"]
[Result "0-1"]
[ECO "A48"]
[WhiteElo "1412"]
[BlackElo "1993"]
[Annotator "NA"]
[PlyCount "94"]
[EventDate "2020.02.01"]
[EventType "swiss"]
[EventCountry "BLR"]
[SourceTitle "playchess.com"]
[Source "ChessBase"]
[SourceQuality "1"]
[TimeControl "40/5400+30:1800+30"]

1. d4 Nf6 2. Bf4 g6 3. Nf3 Bg7 4. e3 d6 5. Bc4 O-O 6. O-O Nbd7 7. Re1 Qe8 8. e4 e5 9. dxe5 Nh5 10. Be3 Nxe5 11. Nxe5 Qxe5 12. Nc3 Bd7 13. Rb1 b5 14. Be2 Nf4 15. Bxf4 Qxf4 16. Nd5 Qg5 17. Nxc7 Rac8 18. Nd5 Rfe8 19. f4 Qd8 20. Bf3 Be6 21. c3 Bxd5 22. exd5 b4 23. Rxe8+ Qxe8 24. Qe2 Qd7 25. cxb4 Re8 26. Qd2 Qf5 27. Rd1 h5 28. b3 Rc8 29. Rc1 Rxc1+ 30. Qxc1 Qd3 31. Kh1 Bd4 32. Qd1 Qe3 33. g3 Qf2 34. Bg2 Be3 35. a4 h4 36. Qf1 Qd2 37. b5 hxg3 38. hxg3 Bf2 39. g4 Qxf4 40. Bh3 Qe3 41. Bg2 Qg3 42. b4 Bd4 43. Bh3 Be5 44. Qg2 Qe1+ 45. Qg1 Qxb4 46. Qxa7 Qe4+ 47. Bg2 Qe1+ 0-1

[Event "BLR-ch 1st Stage Women 2020"]
[Site "Minsk"]
[Date "2020.02.01"]
[Round "1.3"]
[White "Beinenson, Katsiaryna"]
[Black "Aleshko, Margarita"]
[Result "1-0"]
[ECO "C17"]
[WhiteElo "1985"]
[BlackElo "1405"]
[Annotator "NA"]
[PlyCount "69"]
[EventDate "2020.02.01"]
[EventType "swiss"]
[EventCountry "BLR"]
[SourceTitle "playchess.com"]
[Source "ChessBase"]
[SourceQuality "1"]
[TimeControl "40/5400+30:1800+30"]

1. e4 e6 2. d4 d5 3. Nc3 Bb4 4. e5 Ne7 5. Qg4 c5 6. Bd2 cxd4 7. Qxd4 Nbc6 8. Bb5 Bd7 9. Bxc6 Nxc6 10. Qg4 Qc7 11. Nf3 Bxc3 12. Bxc3 O-O 13. O-O Ne7 14. Rad1 Ng6 15. Rfe1 a5 16. Re3 Ra6 17. Ng5 h6 18. Nxf7 Rxf7 19. Qxg6 Be8 20. Rg3 Kh8 21. Bd4 b5 22. c3 b4 23. Rdd3 Qe7 24. Rh3 Rf5 25. Qg4 bxc3 26. Bxc3 a4 27. Rdg3 Qf7 28. Qe2 Rc6 29. Bd2 Qf8 30. Be3 Rc4 31. Qd2 Rf7 32. Bxh6 gxh6 33. Rxh6+ Rh7 34. Rxh7+ Kxh7 35. Qg5 1-0

[Event "BLR-ch 1st Stage Women 2020"]
[Site "Minsk"]
[Date "2020.02.01"]
[Round "2.1"]
[White "Sukalina, Alina"]
[Black "Poliakova, Varvara"]
[Result "1-0"]
[ECO "D13"]
[WhiteElo "1622"]
[BlackElo "2052"]
[Annotator "NA"]
[PlyCount "37"]
[EventDate "2020.02.01"]
[EventType "swiss"]
[EventCountry "BLR"]
[SourceTitle "playchess.com"]
[Source "ChessBase"]
[SourceQuality "1"]
[TimeControl "40/5400+30:1800+30"]

1. d4 d5 2. c4 c6 3. cxd5 cxd5 4. Nf3 Nf6 5. Nc3 Nc6 6. e3 Ne4 7. Qb3 Nxc3 8. bxc3 g6 9. c4 dxc4 10. Bxc4 e6 11. O-O Bg7 12. Ba3 Ne7 13. Bb5+ Bd7 14. Rac1 Bxb5 15. Qxb5+ Qd7 16. Qxd7+ Kxd7 17. Bxe7 Kxe7 18. Rc7+ Kf6 19. Ne5 1-0

[Event "BLR-ch 1st Stage Women 2020"]
[Site "Minsk"]
[Date "2020.02.01"]
[Round "2.2"]
[White "Zeliantsova, Kseniya"]
[Black "Dubovik, Maria"]
[Result "1-0"]
[ECO "B52"]
[WhiteElo "1993"]
[BlackElo "1558"]
[Annotator "NA"]
[PlyCount "99"]
[EventDate "2020.02.01"]
[EventType "swiss"]
[EventCountry "BLR"]
[SourceTitle "playchess.com"]
[Source "ChessBase"]
[SourceQuality "1"]
[TimeControl "40/5400+30:1800+30"]

1. e4 c5 2. Nf3 d6 3. Bb5+ Bd7 4. Bxd7+ Nxd7 5. c4 g6 6. Nc3 Bg7 7. d4 cxd4 8. Nxd4 Rc8 9. b3 Ngf6 10. Bb2 O-O 11. O-O Nc5 12. Re1 a6 13. Qd2 Ng4 14. Rad1 Ne5 15. Qe2 Qd7 16. Nd5 Qd8 17. f4 Ned7 18. e5 dxe5 19. fxe5 Bxe5 20. Nf5 gxf5 21. Bxe5 f6 22. Bb2 Ne4 23. Ba3 Re8 24. Qd3 Ne5 25. Qh3 Nd6 26. c5 Nb5 27. Nxf6+ exf6 28. Rxd8 Rcxd8 29. Bb4 Nd4 30. Rf1 Ng4 31. Qh4 Ne2+ 32. Kh1 Rd4 33. a3 Ne3 34. Qh5 Ree4 35. Qxe2 Nxf1 36. Qxf1 Rf4 37. Qe1 Rde4 38. Qg3+ Kf7 39. h3 Rd4 40. c6 bxc6 41. Qc3 Rfe4 42. Qxc6 f4 43. Bc3 Rd1+ 44. Kh2 Re6 45. Qc7+ Kg6 46. Qxf4 Red6 47. Bxf6 R1d5 48. Be5 Rd8 49. Qf6+ Kh5 50. g4# 1-0

[Event "BLR-ch 1st Stage Women 2020"]
[Site "Minsk"]
[Date "2020.02.01"]
[Round "2.3"]
[White "Bondar, Anastasiya"]
[Black "Beinenson, Katsiaryna"]
[Result "0-1"]
[ECO "B30"]
[WhiteElo "1254"]
[BlackElo "1985"]
[Annotator "NA"]
[PlyCount "72"]
[EventDate "2020.02.01"]
[EventType "swiss"]
[EventCountry "BLR"]
[SourceTitle "playchess.com"]
[Source "ChessBase"]
[SourceQuality "1"]
[TimeControl "40/5400+30:1800+30"]

1. e4 c5 2. Nf3 Nc6 3. Bb5 Nf6 4. Bxc6 dxc6 5. d3 Bg4 6. h3 Bh5 7. Bg5 Nd7 8. Nbd2 f6 9. Be3 e5 10. Qe2 Be7 11. g4 Bf7 12. h4 Nf8 13. a3 Ne6 14. c3 Qc7 15. O-O-O O-O-O 16. h5 Rd7 17. Kc2 Rhd8 18. Nb3 Qb6 19. Nc1 a5 20. a4 Qa6 21. g5 b5 22. b3 bxa4 23. bxa4 Rb7 24. Rd2 Qb6 25. Kd1 Qb1 26. c4 Nd4 27. Bxd4 cxd4 28. Rc2 fxg5 29. Nxe5 Be8 30. Qg4+ Kb8 31. Qe6 Ba3 32. Nxc6+ Bxc6 33. Qxc6 Bxc1 34. Rxc1 Qxd3+ 35. Ke1 Rb2 36. Rc2 Rb1+ 0-1

[Event "BLR-ch 1st Stage Women 2020"]
[Site "Minsk"]
[Date "2020.02.01"]
[Round "3.1"]
[White "Kolosovskaya, Olga"]
[Black "Zeliantsova, Kseniya"]
[Result "0-1"]
[ECO "A15"]
[WhiteElo "1719"]
[BlackElo "1993"]
[Annotator "NA"]
[PlyCount "132"]
[EventDate "2020.02.01"]
[EventType "swiss"]
[EventCountry "BLR"]
[SourceTitle "playchess.com"]
[Source "ChessBase"]
[SourceQuality "1"]
[TimeControl "40/5400+30:1800+30"]

1. b3 e5 2. Bb2 Nc6 3. c4 g6 4. Nc3 Bg7 5. g3 Nf6 6. Bg2 O-O 7. Nf3 d6 8. O-O Nh5 9. d3 f5 10. Qd2 h6 11. Nd5 Be6 12. Nh4 Kh7 13. Nf3 Ne7 14. Nxe7 Qxe7 15. e3 c6 16. Qc2 Kh8 17. c5 Rae8 18. cxd6 Qxd6 19. d4 e4 20. Ne5 Kh7 21. Nc4 Qc7 22. Ba3 Rg8 23. Rac1 Bd5 24. Bb2 Bf6 25. Rfd1 Ng7 26. Bf1 Ne6 27. Nd2 Rd8 28. Nc4 Ng5 29. Bg2 Qd7 30. Ne5 Qe6 31. Nc4 Rge8 32. Nd2 f4 33. gxf4 Nf3+ 34. Bxf3 exf3 35. Kh1 Bh4 36. Rf1 Rd6 37. Nc4 Be4 38. Qxe4 Qxe4 39. Nxd6 Qe6 40. Nxe8 Qh3 41. Rg1 Bxf2 42. d5 Bxg1 43. Rxg1 cxd5 44. Nf6+ Kg7 45. Ng4+ Kf7 46. Nf2 Qf5 47. Rc1 g5 48. Be5 gxf4 49. exf4 Ke6 50. h3 Qg6 51. Rg1 Qc2 52. Bd4 b6 53. Re1+ Kd7 54. Kh2 Qd2 55. Rd1 Qxf4+ 56. Kh1 h5 57. a4 Qg5 58. Rg1 Qd2 59. Rd1 Qc2 60. a5 Qxb3 61. axb6 axb6 62. Rd3 Qb4 63. Bc3 Qf4 64. Kg1 Qg3+ 65. Kf1 Qg2+ 66. Ke1 Qg1+ 0-1

[Event "BLR-ch 1st Stage Women 2020"]
[Site "Minsk"]
[Date "2020.02.01"]
[Round "3.2"]
[White "Beinenson, Katsiaryna"]
[Black "Norman, Kseniya"]
[Result "1-0"]
[ECO "B01"]
[WhiteElo "1985"]
[BlackElo "1730"]
[Annotator "NA"]
[PlyCount "63"]
[EventDate "2020.02.01"]
[EventType "swiss"]
[EventCountry "BLR"]
[SourceTitle "playchess.com"]
[Source "ChessBase"]
[SourceQuality "1"]
[TimeControl "40/5400+30:1800+30"]

1. e4 d5 2. exd5 Nf6 3. d4 Bg4 4. Be2 Bxe2 5. Nxe2 Qxd5 6. O-O Nc6 7. b3 O-O-O 8. Bb2 Qh5 9. c4 e6 10. Nd2 Bd6 11. h3 Rhg8 12. c5 Be7 13. Qe1 g5 14. Ng3 Qh6 15. Nf3 g4 16. hxg4 Nxg4 17. Rd1 Rg6 18. b4 Bh4 19. b5 Bxg3 20. fxg3 Ne7 21. Bc1 Qh5 22. Qa5 Kb8 23. Bf4 Nd5 24. b6 axb6 25. cxb6 e5 26. bxc7+ Nxc7 27. dxe5 Rc8 28. Rb1 Ne6 29. Rxb7+ Kxb7 30. Rb1+ Kc6 31. Rc1+ Kd7 32. Qd5+ 1-0

[Event "BLR-ch 1st Stage Women 2020"]
[Site "Minsk"]
[Date "2020.02.01"]
[Round "4.1"]
[White "Zeliantsova, Kseniya"]
[Black "Beinenson, Katsiaryna"]
[Result "1-0"]
[ECO "B62"]
[WhiteElo "1993"]
[BlackElo "1985"]
[Annotator "NA"]
[PlyCount "80"]
[EventDate "2020.02.01"]
[EventType "swiss"]
[EventCountry "BLR"]
[SourceTitle "playchess.com"]
[Source "ChessBase"]
[SourceQuality "1"]
[TimeControl "40/5400+30:1800+30"]

1. e4 c5 2. Nf3 Nc6 3. d4 cxd4 4. Nxd4 Nf6 5. Nc3 d6 6. Bg5 e6 7. Be2 Be7 8. O-O h6 9. Bh4 O-O 10. Bg3 e5 11. Nb3 Be6 12. Bd3 a6 13. f4 exf4 14. Bxf4 b5 15. a3 Ne5 16. Nd4 Qb6 17. Nce2 Nxd3 18. cxd3 d5 19. e5 Ng4 20. Kh1 g5 21. Bd2 Nxe5 22. Bc3 Ng4 23. Qd2 a5 24. b4 axb4 25. axb4 Rxa1 26. Bxa1 Qd6 27. Ng3 Qxb4 28. Qe2 Bd7 29. Ndf5 Bd6 30. h3 Bxg3 31. Nxg3 Qd6 32. Qf3 Ne5 33. Qe3 f6 34. Nh5 Be8 35. Ng3 Bg6 36. Bd4 Re8 37. Qf2 Nxd3 38. Qxf6 Qxf6 39. Rxf6 Nf4 40. Rb6 h5 1-0

[Event "BLR-ch 1st Stage Women 2020"]
[Site "Minsk"]
[Date "2020.02.01"]
[Round "4.2"]
[White "Sukalina, Alina"]
[Black "Staravoitava, Hanna"]
[Result "1-0"]
[ECO "B10"]
[WhiteElo "1622"]
[BlackElo "1747"]
[Annotator "NA"]
[PlyCount "71"]
[EventDate "2020.02.01"]
[EventType "swiss"]
[EventCountry "BLR"]
[SourceTitle "playchess.com"]
[Source "ChessBase"]
[SourceQuality "1"]
[TimeControl "40/5400+30:1800+30"]

1. d4 d6 2. e4 c6 3. c4 e5 4. d5 f5 5. Nc3 Nf6 6. f3 fxe4 7. fxe4 Be7 8. Nf3 O-O 9. Bg5 Na6 10. Be2 Nc5 11. Qc2 Nxd5 12. Bxe7 Nxe7 13. O-O-O Ng6 14. b4 Ne6 15. c5 Nd4 16. Nxd4 exd4 17. Rxd4 Qg5+ 18. Qd2 Qxd2+ 19. Rxd2 dxc5 20. Bc4+ Kh8 21. bxc5 Ne5 22. Bb3 Bg4 23. h3 Bh5 24. g4 Bg6 25. Rhd1 h5 26. g5 Bf7 27. Bxf7 Rxf7 28. Ne2 Nf3 29. g6 Nxd2 30. gxf7 Nxe4 31. Nf4 g5 32. Ne6 Nf2 33. Rd7 g4 34. hxg4 h4 35. Rd2 Nxg4 36. Rd4 1-0

[Event "BLR-ch 1st Stage Women 2020"]
[Site "Minsk"]
[Date "2020.02.01"]
[Round "5.1"]
[White "Sukalina, Alina"]
[Black "Zeliantsova, Kseniya"]
[Result "0-1"]
[ECO "A53"]
[WhiteElo "1622"]
[BlackElo "1993"]
[Annotator "NA"]
[PlyCount "92"]
[EventDate "2020.02.01"]
[EventType "swiss"]
[EventCountry "BLR"]
[SourceTitle "playchess.com"]
[Source "ChessBase"]
[SourceQuality "1"]
[TimeControl "40/5400+30:1800+30"]

1. d4 Nf6 2. c4 d6 3. Nf3 Bg4 4. e3 Nbd7 5. Be2 e5 6. Nc3 Be7 7. b3 c6 8. Bb2 e4 9. Nd2 Bxe2 10. Qxe2 Qa5 11. a3 Qf5 12. O-O d5 13. cxd5 cxd5 14. f3 exf3 15. Nxf3 O-O 16. Ne5 Qe6 17. Nd3 Bd6 18. Nf4 Bxf4 19. Rxf4 Rfe8 20. Re1 Nf8 21. Qf3 Rad8 22. Qe2 Ng6 23. Rff1 Re7 24. h3 Rde8 25. Qf3 h6 26. a4 a6 27. Qg3 Rc8 28. Qf2 Qb6 29. Qf5 Rd8 30. Qc2 Rc7 31. Qd1 Re7 32. Ba3 Re6 33. b4 Rde8 34. Qd3 Qd6 35. Qd2 a5 36. Nb5 Qg3 37. Rf3 Qg5 38. Bc1 Nh4 39. Rff1 Ne4 40. Qa2 Rg6 41. Re2 Ng3 42. Rc2 Nxf1 43. Kxf1 Rf6+ 44. Kg1 Nf3+ 45. Kh1 Qg3 46. gxf3 Rxf3 0-1

[Event "BLR-ch 1st Stage Women 2020"]
[Site "Minsk"]
[Date "2020.02.01"]
[Round "5.2"]
[White "Beinenson, Katsiaryna"]
[Black "Poliakova, Varvara"]
[Result "1-0"]
[ECO "C54"]
[WhiteElo "1985"]
[BlackElo "2052"]
[Annotator "NA"]
[PlyCount "69"]
[EventDate "2020.02.01"]
[EventType "swiss"]
[EventCountry "BLR"]
[SourceTitle "playchess.com"]
[Source "ChessBase"]
[SourceQuality "1"]
[TimeControl "40/5400+30:1800+30"]

1. e4 e5 2. Nf3 Nc6 3. Bc4 Bc5 4. c3 Nf6 5. d3 a6 6. O-O Ba7 7. Nbd2 d6 8. Bb3 O-O 9. h3 Ne7 10. Re1 Ng6 11. Nf1 h6 12. Ng3 Re8 13. Be3 Bxe3 14. fxe3 d5 15. exd5 Nxd5 16. Nh2 Be6 17. Qf3 c6 18. Rad1 Qb6 19. Nf5 Rad8 20. Kh1 a5 21. Rd2 a4 22. Bc4 a3 23. Bb3 axb2 24. Rxb2 Qa5 25. Rc1 Nxc3 26. Bxe6 Rxe6 27. Rxb7 e4 28. Nxh6+ Kh7 29. Qxf7 Re7 30. Rxe7 Nxe7 31. Qxe7 exd3 32. Nf5 Qxf5 33. Qxd8 Ne4 34. Qh4+ Kg6 35. Rxc6+ 1-0

[Event "BLR-ch 1st Stage Women 2020"]
[Site "Minsk"]
[Date "2020.02.01"]
[Round "5.3"]
[White "Kolosovskaya, Olga"]
[Black "Norman, Kseniya"]
[Result "1-0"]
[ECO "B06"]
[WhiteElo "1719"]
[BlackElo "1730"]
[Annotator "NA"]
[PlyCount "146"]
[EventDate "2020.02.01"]
[EventType "swiss"]
[EventCountry "BLR"]
[SourceTitle "playchess.com"]
[Source "ChessBase"]
[SourceQuality "1"]
[TimeControl "40/5400+30:1800+30"]

1. Nc3 g6 2. e4 Bg7 3. Nf3 d6 4. Bb5+ Nd7 5. O-O Ngf6 6. Re1 O-O 7. d4 a6 8. Bc4 b5 9. Bf1 c5 10. e5 Ne8 11. Bg5 f6 12. dxc5 Nxc5 13. exf6 Nxf6 14. a4 bxa4 15. Bc4+ Kh8 16. Nxa4 Nxa4 17. Rxa4 e5 18. Qd2 Bb7 19. Bxf6 Qxf6 20. Bd5 Bxd5 21. Qxd5 Rfd8 22. Nd2 e4 23. Nxe4 Qe5 24. Qxe5 Bxe5 25. b3 Kg7 26. g3 Rdc8 27. Re2 Rc6 28. f4 Bf6 29. Nxf6 Kxf6 30. Rd4 Rac8 31. c4 Rb8 32. Rd3 Rcb6 33. Ree3 a5 34. Kf2 Ra8 35. Kf3 a4 36. bxa4 Rxa4 37. Re4 Rc6 38. Red4 Raxc4 39. Rxc4 Rxc4 40. Rxd6+ Ke7 41. Rb6 Rc7 42. Kg4 Kf7 43. h3 Kg7 44. Rb3 Ra7 45. Kf3 Re7 46. g4 Kf7 47. h4 Kg7 48. Kg3 Kf7 49. Rf3 Re1 50. Rf2 Re3+ 51. Rf3 Re1 52. Kg2 Re4 53. h5 Ra4 54. h6 Rb4 55. Kg3 Rb1 56. Rc3 Rb7 57. Kh4 Ke6 58. Rc6+ Kd7 59. Ra6 Ke7 60. Kg5 Kf7 61. Ra8 Ke6 62. Re8+ Kf7 63. Rh8 Ke6 64. f5+ gxf5 65. gxf5+ Ke5 66. Re8+ Kd6 67. Kf6 Rd7 68. Re6+ Kd5 69. Re7 Rd8 70. Rxh7 Kd6 71. Ra7 Rf8+ 72. Kg6 Rg8+ 73. Rg7 Kd5 1-0

[Event "BLR-ch 1st Stage Women 2020"]
[Site "Minsk"]
[Date "2020.02.01"]
[Round "6.1"]
[White "Zeliantsova, Kseniya"]
[Black "Stsepkina, Yauheniya"]
[Result "1/2-1/2"]
[ECO "B38"]
[WhiteElo "1993"]
[BlackElo "1671"]
[Annotator "NA"]
[PlyCount "163"]
[EventDate "2020.02.01"]
[EventType "swiss"]
[EventCountry "BLR"]
[SourceTitle "playchess.com"]
[Source "ChessBase"]
[SourceQuality "1"]
[TimeControl "40/5400+30:1800+30"]

1. e4 c5 2. Nf3 Nc6 3. d4 cxd4 4. Nxd4 g6 5. c4 Bg7 6. Be3 Nf6 7. Nc3 d6 8. Be2 O-O 9. O-O Bd7 10. Qd2 Nxd4 11. Bxd4 Bc6 12. f3 Nd7 13. Bxg7 Kxg7 14. Kh1 a5 15. b3 Nc5 16. Rad1 b6 17. f4 f6 18. Bf3 Qc7 19. e5 dxe5 20. Nb5 Qb7 21. Bxc6 Qxc6 22. fxe5 fxe5 23. Qg5 Rf6 24. Qxe5 Qe6 25. Qb2 Raf8 26. Nc7 Kg8 27. Rg1 Qf7 28. Nd5 Re6 29. Nc3 Qf6 30. Qc2 Qxc3 31. Qxc3 Ne4 32. Qd4 Nf2+ 33. Qxf2 Rxf2 34. a3 Ra2 35. a4 Rb2 36. Rd3 Ree2 37. h3 e5 38. Rd7 e4 39. Rf1 Rxg2 40. Rff7 Rgf2 41. Rxf2 Rxf2 42. Rd6 e3 43. Kg1 Rf3 44. Re6 e2 45. Kg2 Rxb3 46. Rxe2 Rb4 47. Rc2 Rxa4 48. c5 bxc5 49. Rxc5 Kg7 50. Rc7+ Kh6 51. Kf3 Kg5 52. Kg3 Ra3+ 53. Kg2 h5 54. Rc5+ Kh6 55. h4 Kg7 56. Rc7+ Kf6 57. Rc6+ Kf5 58. Rc5+ Kg4 59. Rc4+ Kf5 60. Rc5+ Kf6 61. Rc6+ Kg7 62. Rc7+ Kh6 63. Ra7 Ra4 64. Kh3 Ra2 65. Kg3 Ra1 66. Kg2 Ra3 67. Kh2 Ra2+ 68. Kg3 Ra4 69. Kh3 Ra2 70. Kg3 Ra3+ 71. Kg2 a4 72. Kh2 Ra2+ 73. Kg3 a3 74. Kh3 Ra1 75. Kg2 a2 76. Kh2 g5 77. Ra6+ Kg7 78. hxg5 Rb1 79. Rxa2 Rb5 80. Kh3 Rxg5 81. Rg2 Rxg2 82. Kxg2 1/2-1/2

[Event "BLR-ch 1st Stage Women 2020"]
[Site "Minsk"]
[Date "2020.02.01"]
[Round "6.2"]
[White "Ajusheva, Renata"]
[Black "Beinenson, Katsiaryna"]
[Result "0-1"]
[ECO "D02"]
[WhiteElo "1412"]
[BlackElo "1985"]
[Annotator "NA"]
[PlyCount "64"]
[EventDate "2020.02.01"]
[EventType "swiss"]
[EventCountry "BLR"]
[SourceTitle "playchess.com"]
[Source "ChessBase"]
[SourceQuality "1"]
[TimeControl "40/5400+30:1800+30"]

1. d4 d5 2. Bf4 Nf6 3. Nf3 c5 4. c3 Nc6 5. e3 Qb6 6. Qb3 c4 7. Qxb6 axb6 8. Na3 Bf5 9. Nh4 Bg6 10. Nxg6 hxg6 11. Nc2 e6 12. Be2 b5 13. b4 Ne4 14. a3 Nxc3 15. Bf3 Be7 16. Kd2 Ne4+ 17. Ke2 g5 18. Bxe4 gxf4 19. Bf3 fxe3 20. fxe3 Bd6 21. g3 Kd7 22. Kf2 g5 23. h3 f5 24. Rae1 Rag8 25. Reg1 Ne7 26. Ke1 Rg7 27. Kd2 Rgh7 28. Bg2 Bxg3 29. Bxd5 Nxd5 30. Rxg3 g4 31. Ke2 Nc3+ 32. Kf1 Ne4 0-1

[Event "BLR-ch 1st Stage Women 2020"]
[Site "Minsk"]
[Date "2020.02.01"]
[Round "6.3"]
[White "Kolosovskaya, Olga"]
[Black "Sukalina, Alina"]
[Result "1/2-1/2"]
[ECO "A17"]
[WhiteElo "1719"]
[BlackElo "1622"]
[Annotator "NA"]
[PlyCount "114"]
[EventDate "2020.02.01"]
[EventType "swiss"]
[EventCountry "BLR"]
[SourceTitle "playchess.com"]
[Source "ChessBase"]
[SourceQuality "1"]
[TimeControl "40/5400+30:1800+30"]

1. e3 Nf6 2. c4 e6 3. Nf3 d5 4. cxd5 exd5 5. Be2 Bd6 6. Nc3 c6 7. O-O O-O 8. d3 Re8 9. b3 h6 10. Bb2 Bf5 11. Rc1 a5 12. Na4 Na6 13. Nc3 Bh7 14. Kh1 b5 15. h3 Qd7 16. Rg1 c5 17. a4 bxa4 18. bxa4 Nc7 19. Qf1 Rab8 20. Ba1 Rb4 21. d4 c4 22. Ne5 Bxe5 23. dxe5 Rxe5 24. Na2 Re6 25. Nxb4 axb4 26. Bxf6 Rxf6 27. Bxc4 Be4 28. f3 dxc4 29. Qxc4 Rxf3 30. Rgd1 Rxh3+ 31. Kg1 Qg4 32. Rd2 Rg3 33. Qa2 Nd5 34. Rf1 Rxg2+ 35. Rxg2 Qxg2+ 36. Qxg2 Bxg2 37. Rc1 Be4 38. Rc8+ Kh7 39. Kf2 b3 40. Rb8 Bc2 41. a5 Nc7 42. Ke2 h5 43. Kd2 f6 44. Rb7 Na6 45. Rb5 Kg6 46. e4 Bxe4 47. Rxb3 Kf5 48. Ke3 Nc7 49. a6 Nxa6 50. Rb5+ Kg4 51. Kxe4 h4 52. Rb1 f5+ 53. Ke5 f4 54. Rg1+ Kf3 55. Rxg7 Nc5 56. Rh7 Nd3+ 57. Kd4 Nf2 1/2-1/2

[Event "BLR-ch 1st Stage Women 2020"]
[Site "Minsk"]
[Date "2020.02.01"]
[Round "7.1"]
[White "Poliakova, Varvara"]
[Black "Zeliantsova, Kseniya"]
[Result "1-0"]
[ECO "B07"]
[WhiteElo "2052"]
[BlackElo "1993"]
[Annotator "NA"]
[PlyCount "113"]
[EventDate "2020.02.01"]
[EventType "swiss"]
[EventCountry "BLR"]
[SourceTitle "playchess.com"]
[Source "ChessBase"]
[SourceQuality "1"]
[TimeControl "40/5400+30:1800+30"]

1. e4 d6 2. d4 Nf6 3. Nc3 g6 4. Bg5 Bg7 5. f4 O-O 6. Qd2 c6 7. Nf3 b5 8. a3 a5 9. Bd3 Bb7 10. O-O b4 11. Nd1 c5 12. axb4 axb4 13. Nf2 $11 Nbd7 14. e5 Ne8 15. Qe2 Rxa1 16. Rxa1 Bxf3 17. Qxf3 f6 18. Ra8 Nb8 19. exf6 exf6 20. Bh4 Nc7 21. Ra7 d5 22. dxc5 Nc6 23. Ra1 Ne6 24. Rd1 Ned4 25. Qe3 Re8 26. Qd2 Qe7 27. Nh3 Qf7 28. Bf2 f5 29. c3 Nb3 30. Qc2 d4 31. Ng5 Qd5 32. c4 Qxc5 33. Qxb3 h6 34. Nf3 Bf6 35. Qc2 Kg7 36. b3 Ra8 37. Be2 Ra3 38. Ne5 Nxe5 39. fxe5 Bxe5 40. Qd3 Ra2 41. Bf3 Rb2 42. Rd2 Rxd2 43. Qxd2 g5 44. Bd5 Kg6 45. Qa2 Qd6 46. Qa7 Qf6 47. Qa8 Qe7 48. Qg8+ Bg7 49. Qe6+ Qxe6 50. Bxe6 d3 51. Kf1 Bc3 52. c5 Kf6 53. Bc4 d2 54. Ke2 f4 55. c6 Be5 56. Kxd2 Bd6 57. Bb6 1-0

[Event "BLR-ch 1st Stage Women 2020"]
[Site "Minsk"]
[Date "2020.02.01"]
[Round "7.2"]
[White "Beinenson, Katsiaryna"]
[Black "Kolosovskaya, Olga"]
[Result "1-0"]
[ECO "B27"]
[WhiteElo "1985"]
[BlackElo "1719"]
[Annotator "NA"]
[PlyCount "105"]
[EventDate "2020.02.01"]
[EventType "swiss"]
[EventCountry "BLR"]
[SourceTitle "playchess.com"]
[Source "ChessBase"]
[SourceQuality "1"]
[TimeControl "40/5400+30:1800+30"]

1. e4 g6 2. d4 Bg7 3. Nc3 c5 4. Nf3 b6 5. Be3 Ba6 6. dxc5 Bxf1 7. Kxf1 Nf6 8. cxb6 axb6 9. h3 O-O 10. e5 Ne8 11. Nd5 d6 12. Bxb6 Qd7 13. Qd3 dxe5 14. Bc5 e4 15. Qxe4 Qb5+ 16. Kg1 Qxc5 (16... Nc6 $16) 17. Nxe7+ Kh8 18. Qxa8 $16 Nc7 19. Qe4 Re8 20. Re1 Bf6 21. Nxg6+ hxg6 22. Qxe8+ Nxe8 23. Rxe8+ Kg7 24. Rxb8 Qxc2 25. g3 Bxb2 26. Kg2 Ba3 27. Rhb1 Qxa2 28. h4 Bc5 29. R1b2 Qd5 30. Rd2 Qc6 31. Rbd8 Bb4 32. R2d7 Bc5 33. Rd5 Qb6 34. R8d7 Bxf2 35. Ng5 Bxg3 36. Kxg3 Qg1+ 37. Kf4 Qh2+ 38. Ke3 Qg1+ 39. Kd3 Qg3+ 40. Kc4 Qf4+ 41. Kc5 Qe3+ 42. Kc6 Qc3+ 43. Kb7 Qb4+ 44. Kc7 Qf4+ 45. Kc8 Qc4+ 46. Kd8 Qxh4 47. Rxf7+ Kg8 48. Ke7 Qe1+ 49. Kf6 Qc3+ 50. Re5 Qc6+ 51. Re6 Qc3+ 52. Kxg6 Qd3+ 53. Kh6 1-0

[Event "BLR-ch 1st Stage Women 2020"]
[Site "Minsk"]
[Date "2020.02.01"]
[Round "7.3"]
[White "Stsepkina, Yauheniya"]
[Black "Norman, Kseniya"]
[Result "0-1"]
[ECO "E81"]
[WhiteElo "1671"]
[BlackElo "1730"]
[Annotator "NA"]
[PlyCount "70"]
[EventDate "2020.02.01"]
[EventType "swiss"]
[EventCountry "BLR"]
[SourceTitle "playchess.com"]
[Source "ChessBase"]
[SourceQuality "1"]
[TimeControl "40/5400+30:1800+30"]

1. d4 Nf6 2. c4 g6 3. Nc3 Bg7 4. e4 d6 5. f3 O-O 6. Be3 Nbd7 7. Qd2 c5 8. Nh3 cxd4 9. Bxd4 Nc5 10. Nf2 Be6 11. Nd5 Bxd5 12. cxd5 e6 13. Bxc5 dxc5 14. dxe6 Qxd2+ 15. Kxd2 fxe6 16. Bc4 Kf7 17. Nd3 Nd7 18. Rac1 Ne5 19. Nxe5+ Bxe5 20. g3 Rab8 21. b3 b5 22. Bd3 Bd4 23. a4 bxa4 24. bxa4 Rb4 25. Rc4 Rfb8 26. Rhc1 Rb3 27. R1c2 Ra3 28. Ke2 Rbb3 29. Rd2 Bc3 30. Rd1 Rb2+ 31. Kf1 Rxh2 32. Be2 Bd4 33. Rc2 Rxa4 34. f4 Ra3 35. Rd3 Ra1+ 0-1

[Event "BLR-ch 1st Stage Women 2020"]
[Site "Minsk"]
[Date "2020.02.02"]
[Round "8.1"]
[White "Beinenson, Katsiaryna"]
[Black "Sukalina, Alina"]
[Result "0-1"]
[ECO "C54"]
[WhiteElo "1985"]
[BlackElo "1622"]
[Annotator "NA"]
[PlyCount "72"]
[EventDate "2020.02.01"]
[EventType "swiss"]
[EventCountry "BLR"]
[SourceTitle "playchess.com"]
[Source "ChessBase"]
[SourceQuality "1"]
[TimeControl "40/5400+30:1800+30"]

1. e4 e5 2. Nf3 Nc6 3. Bc4 Bc5 4. c3 Nf6 5. d3 d6 6. b4 Bb6 7. a4 a6 8. O-O h6 9. a5 {[%emt 0:01:37] C54: Giuoco Piano: 4 c3 Nf6, main lines with 5 d4 and 5 d3} Ba7 10. Nbd2 O-O 11. h3 Ne7 12. Bb3 Ng6 13. Nc4 {[%emt 0:01:10] [#]} b5 $146 ({Predecessor:} 13... Re8 14. Be3 Be6 15. Bxa7 Rxa7 16. Re1 Ra8 17. Ba4 Bd7 18. Ne3 Nf4 19. Bc2 Qe7 {0-1 (31) Kovanova,B (2391)-Shen,Y (2425) St Petersburg 2012}) 14. axb6 cxb6 15. Re1 b5 16. Ne3 Qb6 17. Qc2 Nf4 18. Kh2 Bb8 19. Ng1 Bb7 (19... a5 $11 {keeps the balance.}) 20. Nf5 d5 21. Bxf4 exf4 {[%emt 0:00:17] [#]} 22. e5 $1 Nh7 23. Ne7+ {[%emt 0:00:52] Decoy} Kh8 24. Nxd5 Bxd5 (24... Qg6 {keeps fighting.} 25. Qd2 (25. Nxf4 Bxe5 {[%mdl 64] Decoy} 26. Rxe5 Qf6 $16) 25... Rd8) 25. Bxd5 Ra7 26. Nf3 Rc7 (26... Qd8 $142) 27. Qd2 Ng5 28. Ra3 Rd7 29. Qa2 Nxf3+ 30. gxf3 Rxd5 $1 {[%emt 0:01:48] Double Attack} 31. Rxa6 {[%emt 0:01:29] [#]} Qd8 (31... Qb7 $1 $19 32. d4 Rdd8) 32. d4 Rd7 33. Qd2 Qc8 $17 (33... Re7 $19 34. Qd3 Rc7) 34. Rb6 Qc4 35. Qxf4 f6 36. Rg1 Bxe5 0-1